 Dungeon Crawl Stone Soup version 0.30-a0-802-gb92711bcdf (webtiles) character file.

Game seed: 8107831354931459955

47 cforsyth the Sneak (level 3, -1/22 HPs)
             Began as a Kobold Brigand on Feb 24, 2023.
             Slain by a hobgoblin (4 damage)
             ... led by Robin
             ... on level 4 of the Dungeon.
             The game lasted 00:02:04 (1017 turns).

cforsyth the Sneak (Kobold Brigand)                 Turns: 1017, Time: 00:02:05

Health: -1/22      AC:  3    Str:  8    XL:     3   Next: 97%
Magic:  3/3        EV: 15    Int: 12    God:
Gold:   37         SH:  0    Dex: 18    Spells: 2/2 levels left

rFire   . . .      SeeInvis .    a - +2 dagger
rCold   . . .      Faith    .    (no shield)
rNeg    . . .      Spirit   .    b - +0 robe
rPois   .          Reflect  .    (no helmet)
rElec   .          Harm     .    c - +0 cloak
rCorr   .          Rampage  .    (no gloves)
Will    .....                    (no boots)
Stlth   ++++                     (no amulet)
HPRegen 0.23/turn                (no ring)
MPRegen 0.08/turn                (no ring)

@: lethally poisoned (-1 -> -2)
A: small, no large weapons, nightstalker 3
a: no special abilities


You were on level 4 of the Dungeon.
You visited 1 branch of the dungeon, and saw 3 of its levels.

You collected 37 gold pieces.

Inventory:

Hand Weapons
 a - a +2 dagger (weapon)
Missiles
 d - 9 poisoned darts (quivered)
 e - 3 curare-tipped darts
Armour
 b - a +0 robe (worn)
 c - a +0 cloak (worn)
Scrolls
 f - a scroll of amnesia {unknown}
 g - 3 scrolls of immolation {unknown}
 h - a scroll of teleportation {unknown}
 i - 2 scrolls of identify {unknown}


   Skills:
 + Level 2.8 Fighting
 + Level 3.5 Short Blades
 - Level 2.1 Throwing
 + Level 2.3 Dodging
 + Level 5.9 Stealth


You had 2 spell levels left.
You didn't know any spells.
Your spell library was empty.

Dungeon Overview and Level Annotations

Branches:
Dungeon (2/15)

Altars:

Annotations:
D:4 Robin


Innate Abilities, Weirdness & Mutations

You are small and have problems with some larger weapons.
You are completely attuned to the shadows.


Message History

You kill the goblin!
You barely miss the goblin. Your punch misses the goblin.
The goblin hits you but does no damage.
Robin of the Strong Arm comes into view.
They are wielding a +0 falchion.
You hit the goblin.
The goblin is heavily wounded.
Robin roars a battlecry!
The goblins go into a battle-frenzy!
The goblin barely misses you.
You hear a shout! x3
The goblin attacks as you move away! The goblin misses you.
You hit the goblin.
You kill the goblin!
You closely miss the goblin. Robin throws the goblin at you!
The goblin closely misses you.
The goblin hits you with a +1 dagger of venom.
You are poisoned.
You hit the goblin.
The goblin is heavily wounded.
You feel sick.
You hit the goblin.
The goblin is severely wounded.
You feel sick. The goblin misses you. The goblin hits you with a +0 club.
You hit the goblin.
You kill the goblin!
You feel sick.
You hit the goblin but do no damage.
You feel sick. The goblin misses you.
You hit the goblin.
You kill the goblin!
Robin completely misses you.
You hit Robin but do no damage.
You feel sick.
You hit Robin.
Robin is lightly wounded.
You feel sick.
You hit the hobgoblin.
The hobgoblin is heavily wounded.
You feel sick. Robin hits you with a +0 falchion.
* * * LOW HITPOINT WARNING * * *
The hobgoblin hits you.
You die...

o.....######
......#....#
>.....#....#
.....##....#
.....##....###
...........@g#.....
.##........#g#.....
#........#)#.....
#.......##.#.....
#.......##)......
#.......##....#..
..............>
.............#g.
...........g.#.g


You could see Robin and a hobgoblin.

Vanquished Creatures
  A worm (D:2)
  3 ball pythons (D:1)
  2 endoplasms (D:1)
  A giant cockroach (D:2)
  12 goblins
  2 hobgoblins
  3 quokkas
  6 bats (D:1)
  3 frilled lizards
  3 kobolds
  4 rats
40 creatures vanquished.

Notes
Turn   | Place    | Note
-------+----------+-------------------------------------------
     0 | D:1      | cforsyth the Kobold Brigand began the quest for the Orb.
     0 | D:1      | Reached XP level 1. HP: 12/12 MP: 1/1
   168 | D:1      | Reached XP level 2. HP: 18/18 MP: 2/2
   441 | D:1      | Reached XP level 3. HP: 22/22 MP: 3/3
   963 | D:2      | You fall into a shaft and drop 2 floors!
  1005 | D:4      | Noticed Robin
  1017 | D:4      | Slain by a hobgoblin

Illustrated notes

Levels and vault maps discovered:
D:1:      lightli_arrival_lavapool, layout_loops_ring
D:2:      layout_rooms, chequers_serial_rivers_micro_a
D:4:      layout_basic, serial_glass, glass_columns_a, glass_columns_a,
          uniq_sigmund, uniq_menkaure, uniq_robin, uniq_grinder

Skill      XL: |  1  2  3 |
---------------+----------+-----
Short Blades   | 3 |  3.5
Dodging        | 2 |  2.3
Fighting       | |  2.8
Throwing       | |  2.1
Stealth        | |  5.9

Action                     || total
---------------------------++-------
  Melee: Dagger            ||    71
   Stab: Sleeping          ||    24
         Distracted        ||     1
 Armour: Robe              ||    10
  Dodge: Dodged            ||    27

Table legend: (Time is in decaauts)
 A = Elapsed time spent in this place.
 B = Non-inter-level travel time spent in this place.
 C = Inter-level travel time spent in this place.
 D = Time resting spent in this place.
 E = Time spent auto-exploring this place.
 F = Levels seen in this place.
 G = Mean time per level.
                   A        B        C        D        E       F      G
               +--------+--------+--------+--------+--------+-----+--------+
         Total |   1005 |    986 |     19 |      0 |    779 |   3 |  335.0 |
       Dungeon |   1005 |    986 |     19 |      0 |    779 |   3 |  335.0 |
               +--------+--------+--------+--------+--------+-----+--------+

Top non-repeatable levels by time:
     D:1: 807 daAuts
     D:2: 148 daAuts
     D:4: 50 daAuts
